 Dungeon Crawl Stone Soup version 0.27.0-1-g7a089689b8 (webtiles) character file.

Game seed: 16366108526228797609

173 rogsnak the Firebug (level 5, -1/35 HPs)
             Began as a Demonspawn Fire Elementalist on Aug 1, 2021.
             Slain by an orc wizard (3 damage)
             ... on level 5 of the Dungeon.
             The game lasted 00:06:12 (3774 turns).

rogsnak the Firebug (Demonspawn Fire Elementalist)  Turns: 3774, Time: 00:06:14

Health: -1/35      AC:  4    Str:  8    XL:     5   Next: 28%
Magic:  0/9        EV: 12    Int: 17    God:
Gold:   192        SH:  0    Dex: 16    Spells: 0/10 levels left

rFire    . . .     SeeInvis .   i - +0 rapier
rCold    . . .     Faith    .   (no shield)
rNeg     . . .     Spirit   .   a - +0 robe
rPois    .         Reflect  .   f - +0 helmet
rElec    .         Harm     .   (no cloak)
rCorr    .         Rampage  .   (no gloves)
Will     .....                  g - +0 pair of boots
Stlth    +++.......             (no amulet)
HPRegen  0.11/turn              (no ring)
MPRegen  0.11/turn              (no ring)

@: brilliant
A: claws 1, thin skeletal structure 1, demonic magic 2
a: no special abilities


You were on level 5 of the Dungeon.
You visited 1 branch of the dungeon, and saw 5 of its levels.

You collected 192 gold pieces.

Inventory:

Hand Weapons
 c - a +0 club
 i - a +0 rapier (weapon)
Missiles
 k - 28 stones
 l - a throwing net
 o - 18 poisoned darts
Armour
 a - a +0 robe (worn)
 f - a +0 helmet (worn)
 g - a +0 pair of boots (worn)
Magical Staves
 p - a staff of death
Scrolls
 d - a scroll of enchant weapon {unknown}
 h - 2 scrolls of teleportation {unknown}
 j - a scroll of blinking {unknown}
 m - a scroll of noise {unknown}
 n - a scroll of torment {unknown}
 q - a scroll of fog {unknown}
Potions
 b - a potion of curing
 e - a potion of cancellation


   Skills:
 + Level 0.1 Fighting
 + Level 2.0 Dodging
 - Level 1.7 Stealth
 + Level 3.1 Spellcasting
 * Level 2.9 Conjurations
 + Level 3.9 Fire Magic


You couldn't memorise any spells.
You knew the following spells:

 Your Spells              Type           Power      Damage    Failure   Level
a - Foxfire               Conj/Fire      84%        2x1d8     4%          1
b - Sticky Flame          Conj/Fire      21%        2d4       38%         4
c - Fireball              Conj/Fire      10%        3d6       75%         5

Your spell library contained the following spells:

 Spells                   Type           Power      Damage    Failure   Level
 Conjure Flame            Conj/Fire      21%        6-21      13%         3
 Animate Skeleton         Necr           8%         N/A       17%         1
 Pain                     Necr           16%        1d4       17%         1
 Inner Flame              Hex/Fire       14%        N/A       22%         3
 Ignite Poison            Fire/Tmut/Pois 10%        N/A       30%         3
 Mephitic Cloud           Conj/Pois/Air  9%         N/A       34%         3
 Vampiric Draining        Necr           2%         2d6       45%         3
 Bolt of Magma            Conj/Fire/Erth 7%         4d6       88%         5


Dungeon Overview and Level Annotations

Branches:
Dungeon (5/15)
 Temple: D:4-7

Altars:


Innate Abilities, Weirdness & Mutations

You have sharp fingernails.
You have a somewhat thin skeletal structure. (Dex +2, Stealth+)
Spells you cast may paralyse nearby enemies.


Message History

The foxfire hits the phantom but does no damage.
The phantom is heavily damaged.
The foxfire hits the phantom.
The phantom is heavily damaged.
Something hits you. Something barely misses you.
Unknown command.
You aren't carrying any pieces of jewellery.
Unknown command.
Casting: Foxfire (safe; 4% risk of failure)
Confirm with . or Enter, or press ? or * to list all spells.
You conjure some foxfire!
Malevolent energies surge around you.
The phantom is no longer paralysed.
The phantom barely misses you.
Unknown command.
You barely miss the phantom.
The phantom is heavily damaged.
The foxfire hits the phantom but does no damage.
The phantom is heavily damaged.
The foxfire hits the phantom.
The phantom is severely damaged.
The phantom closely misses you. Something hits you but does no damage.
Unknown command.
Okay, then.
It was a potion of cancellation.
You feel magically purged. The phantom misses you.
Something hits you but does no damage.
Casting: Foxfire (safe; 4% risk of failure)
Confirm with . or Enter, or press ? or * to list all spells.
You conjure some foxfire!
Malevolent energies surge around you. The phantom barely misses you.
You hear some strange, mumbled words.
A puff of flame appears from out of thin air!
The puff of flame hits you!
* * * LOW HITPOINT WARNING * * *
It was a potion of brilliance.
You feel clever all of a sudden.
The foxfire hits the phantom.
The phantom is severely damaged.
The foxfire hits the phantom.
The phantom is severely damaged.
The phantom barely misses you. Something hits you.
You die...

.... .>..
..... .....#
......#
.......##
......{.#
.......@#
.......W{.#
........$.#
##.........#
#...##......
#...
..#.....
#...
#......#.
#.[.
#.......


You could see a phantom.

Vanquished Creatures
  Natasha (thrice) (D:3)
  4 gnolls (D:2)
  A worm (D:3)
  3 dart slugs
  2 orcs
  3 bats
  3 endoplasms
  A goblin (D:1)
  5 hobgoblins
  6 jackals (D:3)
  5 kobolds
  A quokka (D:3)
  6 ball pythons
  5 rats
48 creatures vanquished.

Vanquished Creatures (others)
  190 foxfires
190 creatures vanquished.

Grand Total: 238 creatures vanquished

Notes
Turn   | Place    | Note
-------+----------+-------------------------------------------
     0 | D:1      | rogsnak the Demonspawn Fire Elementalist began the quest
                  | for the Orb.
     0 | D:1      | Reached XP level 1. HP: 13/13 MP: 3/3
   256 | D:1      | Gained mutation: You have sharp fingernails. [demonic
                  | ancestry]
   256 | D:1      | Reached XP level 2. HP: 19/19 MP: 1/5
   886 | D:1      | Found a faded altar of an unknown god.
  1359 | D:2      | Gained mutation: You have a somewhat thin skeletal
                  | structure. (Dex +2, Stealth+) [demonic ancestry]
  1359 | D:2      | Reached XP level 3. HP: 24/24 MP: 0/6
  2183 | D:2      | Gained mutation: Spells you cast may paralyse adjacent
                  | enemies. [demonic ancestry]
  2183 | D:2      | Reached XP level 4. HP: 30/30 MP: 2/7
  2189 | D:2      | Learned a level 4 spell: Sticky Flame
  2429 | D:3      | Noticed Natasha
  2434 | D:3      | Killed Natasha
  2838 | D:3      | Noticed Natasha
  2843 | D:3      | Killed Natasha
  2978 | D:3      | Noticed Natasha
  2989 | D:3      | Killed Natasha
  2990 | D:3      | Gained mutation: Spells you cast may paralyse nearby
                  | enemies. [demonic ancestry]
  2990 | D:3      | Reached XP level 5. HP: 12/35 MP: 1/9
  3723 | D:4      | Noticed a phantom
  3732 | D:3      | Learned a level 5 spell: Fireball
  3767 | D:5      | Entered Level 5 of the Dungeon
  3774 | D:5      | Slain by an orc wizard

Illustrated notes

Levels and vault maps discovered:
D:1:      wheals_arrival_linesprint, layout_basic,
          ebering_ecumenical_altar_mist, minmay_misc_feat_nine_boxes
D:2:      layout_basic
D:3:      layout_basic, uniq_natasha
D:4:      layout_rooms, nicolae_dithmenos_shadow_blocks,
          mainiacjoe_overflow_concentric_impassable
D:5:      layout_cave_pools, serial_shops, shop_fountains,
          minmay_misc_feat_room, uniq_pikel

Skill      XL: |  1  2  3  4 |
---------------+-------------+-----
Fire Magic     | 3 |  3.9
Dodging        | 2 |  2.0
Conjurations   | 2 |  2.9
Spellcasting   | 3 |  3.1
Fighting       | |  0.1
Stealth        | |  1.7

Action                   |  1- 3 |  4- 6 || total
-------------------------+-------+-------++-------
Melee: Rapier            |     2 |    12 ||    14
       Club              |     1 |       ||     1
 Cast: Foxfire           |    54 |    60 ||   114
  Use: Potion            |       |     3 ||     3
 Stab: Paralysed         |       |     3 ||     3
       Sleeping          |       |     1 ||     1
Armor: Robe              |       |     9 ||     9
Dodge: Dodged            |     3 |    17 ||    20
